 Dungeon Crawl Stone Soup version 0.31-a0-1112-ga3593d9213 (webtiles) character file.

Game seed: 2681007671059947713

39195 trollo the Brawler (level 13, -5/119 (124) HPs)
             Began as a Troll Berserker on Dec 4, 2023.
             Was a High Priest of Trog.
             Slain by a death yak simulacrum (32 damage)
             ... on level 1 of the Lair of Beasts.
             The game lasted 00:59:50 (13334 turns).

trollo the Brawler (Troll Berserker)               Turns: 13334, Time: 00:59:51

HP:   -5/119 (124)  AC: 15    Str: 27    XL:     13   Next: 67%
MP:   12/12         EV: 17    Int:  5    God:    Trog [*****.]
Gold: 489           SH:  5    Dex:  9    Spells: 12/12 levels left

rFire   . .          .
                       - Unarmed
rCold   . . .        (no shield)
rNeg    . . .        y - +0 steam dragon scales
rPois   .            (helmet restricted)
rElec   .            q - +2 cloak
rCorr   +            (gloves unavailable)
SInv    .            (boots unavailable)
Will    .....        E - amulet "Akakk" {Reflect +Inv rCorr Str-3 SH+5}
Stlth   ++           l - +5 ring of evasion
HPRegen 1.19/turn    w - +4 ring of protection
MPRegen 0.13/turn

%: reflection
@: lethally poisoned (-5 -> -11), lightly drained
A: large, unfitting armour, claws 3, regeneration 1, shaggy fur 1, tough skin 1
a: Renounce Religion, Evoke Invisibility, Berserk, Trog's Hand, Brothers in Arms


You were on level 1 of the Lair of Beasts.
You worshipped Trog.
Trog was extremely pleased with you.
You visited 2 branches of the dungeon, and saw 14 of its levels.
You also visited: Volcano.

You collected 1091 gold pieces.
You spent 602 gold pieces at shops.

Inventory:

Hand Weapons
 K - the +8 quarterstaff "Jatsarph" {flame, +Blink rC+ rN+ Will+}
   (Trog gifted it to you on level 2 of the Lair of Beasts)

   rC+:       It protects you from cold.
   rN+:       It protects you from negative energy.
   Will+:     It increases your willpower.
   +Blink:    It lets you blink.
Missiles
 f - 4 large rocks
 h - 18 poisoned darts
 j - 16 boomerangs (quivered)
 k - 130 stones
 n - 10 javelins
Armour
 a - a +1 animal skin
 q - a +2 cloak (worn)
 u - a +0 kite shield
 y - +0 steam dragon scales (worn)
 P - the +5 robe of Night {Dark Will+ SInv}
   (You found it on level 3 of the Lair of Beasts)

   Dark:      It shrouds the wearer in darkness, reducing the range at which
   they can see and be seen by others.
   Will+:     It increases your willpower.
   SInv:      It lets you see invisible.
Jewellery
 l - a +5 ring of evasion (left claw)
 p - a ring of fire
 w - a +4 ring of protection (right claw)
 x - a ring of fire
 A - an amulet of magic regeneration
 E - the amulet "Akakk" (around neck) {Reflect +Inv rCorr Str-3 SH+5}
   (You bought it in a shop on level 4 of the Dungeon)

   [amulet of reflection]

   Reflect:   It reflects blocked missile attacks.
   Str-3:     It affects your strength (-3).
   +Inv:      It lets you turn invisible.
   rCorr:     It protects you from acid and corrosion.
   SH+5:      It affects your SH (+5).
 M - a +5 ring of evasion
Wands
 m - a wand of flame (45)
 v - a wand of quicksilver (12)
 I - a wand of iceblast (3)
 O - a wand of polymorph (4)
 R - a wand of digging (5)
Scrolls
 b - a scroll of fog {unknown}
 d - 4 scrolls of immolation
 e - a scroll of fear
 g - 11 scrolls of teleportation
 i - a scroll of revelation
 z - a scroll of summoning
 B - a scroll of poison
 C - 2 scrolls of blinking
 D - 2 scrolls of vulnerability
Potions
 o - a potion of invisibility {unknown}
 r - 2 potions of attraction {unknown}
 s - a potion of might
 t - 2 potions of haste {unknown}
 F - 3 potions of mutation {unknown}
 G - a potion of magic {unknown}
 H - 3 potions of degeneration {unknown}
 J - 2 potions of brilliance {unknown}
 L - a potion of enlightenment {unknown}
 N - 2 potions of heal wounds
 S - a potion of resistance {unknown}
Miscellaneous
 Q - a phantom mirror


   Skills:
 * Level 7.0 Fighting
 + Level 2.2 Throwing
 * Level 6.4 Armour
 * Level 8.8 Dodging
 + Level 3.1 Stealth
 + Level 2.4 Shields
 * Level 17.7 Unarmed Combat


You had 12 spell levels left.
You didn't know any spells.
Your spell library was empty.

Dungeon Overview and Level Annotations

Branches:
Dungeon (9/15)             Temple (0/1) D:5            Lair (5/5) D:9
 Shoals (0/4) Lair:2        Snake (0/4) Lair:2      Volcano (visited)
  Slime: Lair:4-5       Orc: D:9-12

Altars:
Gozag
Kikubaaqudgha
Okawaru
Ru
Sif Muna
Trog
Wu Jian
Yredelemnul
Zin

Shops:
D:1 (?   D:4 =   D:7 ![

Annotations:
D:8 3 runed translucent doors, jotaen's ghost, novice MiFi


Innate Abilities, Weirdness & Mutations

You are too large for most types of armour.
You have claws for hands.
Your natural rate of healing is unusually fast.
You are covered in fur. (AC +1)
You have tough skin. (AC +1)


Message History

You claw anet's ghost, but do no damage.
Anet's ghost is heavily damaged.
You feel very sick.
The spectral death yak closely misses you.
You barely miss anet's ghost.
Anet's ghost is heavily damaged.
You feel sick. Anet's ghost hits you.
You are more poisoned.
You closely miss anet's ghost.
Anet's ghost is heavily damaged.
You feel very sick. The spectral death yak gores you.
You feel drained. You block anet's ghost's attack.
You claw anet's ghost!
Anet's ghost is severely damaged.
You feel very sick.
The spectral death yak barely misses you.
You scratch anet's ghost but do no damage.
Your claw misses anet's ghost.
Anet's ghost is severely damaged.
You feel very sick. Anet's ghost hits you!
You are more poisoned.
You claw anet's ghost!
Anet's ghost is almost destroyed.
You feel very sick. The spectral death yak gores you.
Anet's ghost completely misses you.
You mangle anet's ghost!!
You destroy anet's ghost!
Trog accepts your kill.
You feel very sick.
The spectral death yak closely misses you.
Your Fighting skill increases to level 7!
You scratch the death yak simulacrum. You claw the death yak simulacrum.
The death yak simulacrum is lightly damaged.
You feel very sick. The death yak simulacrum gores you.
* * * LOW HITPOINT WARNING * * *
The death yak simulacrum freezes you!!
You die...

#......###'''###.............#.#
#............................#..
#............................P..
#...............................
#......#####....................
#P###..# #.Z..................
####.#..#####..ZZ.............###
#..........#####ZZ##.........## #
#..........#####@.##........## #
..............##..##.........# #
#.............##..##.........####
P.............##..##.........#.##
#..........##.##..##........#....
#..........##.##..##..........###
#...........#.##..##).......#.#
#..........##.................#
#...........#.................###


You could see a spectral black mamba, 2 spectral death yaks, a death yak
simulacrum and a torpor snail simulacrum.

Vanquished Creatures
  A stone giant (Volcano)
  Nessos (Lair:3)
  The ghost of anet the Cleaver, a journeyman GrCA of Ignis (Lair:1)
  2 two-headed ogres
  2 boulder beetles
  A skyshark (Lair:3)
  19 elephants
  A merfolk siren (Lair:2)
  4 black mambas
  A kobold demonologist (D:9)
  9 cane toads
  7 komodo dragons
  Maggie (D:9)
  An efreet (Volcano)
  4 rime drakes
  A troll (D:6)
  2 polar bears
  25 blink frogs
  2 hornets
  A dream sheep (Lair:4)
  The ghost of topfpfpflanze the Magician, a novice FeCj (D:5)
  A slime creature (D:9)
  5 wyverns
  2 fire elementals (Volcano)
  A steam dragon (Lair:2)
  3 basilisks
  45 yaks
  3 nagas (Lair:2)
  13 water moccasins
  An orc warrior (D:9)
  2 ice beasts
  3 black bears
  3 ogres
  5 wolves (Lair:2)
  2 centaurs (D:9)
  3 phantoms
  3 kobold brigands
  10 bullfrogs
  A gnoll sergeant (D:5)
  2 earth elementals (Volcano)
  4 wights (D:6)
  8 killer bees
  4 howler monkeys
  An electric eel (Lair:2)
  3 hounds
  4 orc priests
  A jelly (D:4)
  5 sleepcaps
  An iguana (D:5)
  An orc wizard (D:5)
  Natasha (thrice) (D:3)
  A hound zombie (D:4)
  12 gnolls
  15 adders
  4 shadow imps
  5 white imps
  4 ufetubi
  An adder zombie (D:4)
  2 worms
  A dart slug (D:1)
  19 orcs
  12 ball pythons
  2 bats
  6 endoplasms
  7 giant cockroaches
  12 goblins
  14 hobgoblins
  11 jackals
  10 kobolds
  3 quokkas
  6 frilled lizards
  5 rats
382 creatures vanquished.

Notes
Turn   | Place    | Note
-------+----------+-------------------------------------------
     0 | D:1      | trollo the Troll Berserker began the quest for the Orb.
     0 | D:1      | Reached XP level 1. HP: 22/22 MP: 0/0
   101 | D:1      | Reached XP level 2. HP: 29/29 MP: 1/1
   196 | D:1      | Reached ** piety under Trog
   362 | D:1      | Found Wil Fudo's Magic Scroll Shoppe.
   371 | D:1      | Reached XP level 3. HP: 36/36 MP: 2/2
   401 | D:1      | Bought a scroll of identify for 20 gold pieces
   401 | D:1      | Bought a scroll of identify for 20 gold pieces
   698 | D:1      | Found Guano's Weapon Emporium.
  1724 | D:3      | Reached skill level 4 in Unarmed Combat
  1724 | D:3      | Reached XP level 4. HP: 44/44 MP: 3/3
  1911 | D:3      | Reached *** piety under Trog
  2259 | D:3      | Reached XP level 5. HP: 52/52 MP: 4/4
  2332 | D:3      | Found a transporter.
  2337 | D:3      | Found a transporter.
  2378 | D:3      | Noticed Natasha
  2383 | D:3      | Killed Natasha
  2384 | D:3      | Reached skill level 1 in Armour
  2402 | D:3      | Found a shimmering blue altar of Sif Muna.
  2442 | D:3      | Noticed Natasha
  2452 | D:3      | Killed Natasha
  2673 | D:3      | Noticed Natasha
  2678 | D:3      | Killed Natasha
  2679 | D:3      | Reached skill level 5 in Unarmed Combat
  2978 | D:4      | Reached XP level 6. HP: 61/61 MP: 5/5
  3141 | D:4      | Reached skill level 1 in Throwing
  3179 | D:4      | Reached XP level 7. HP: 67/67 MP: 6/6
  3190 | D:4      | Reached skill level 6 in Unarmed Combat
  3265 | D:4      | Reached **** piety under Trog
  3269 | D:4      | Found a basalt altar of Yredelemnul.
  3332 | D:4      | Reached skill level 1 in Stealth
  3521 | D:4      | Found Yguoxysh's Jewellery Shoppe.
  3702 | D:5      | Entered Level 5 of the Dungeon
  3702 | D:5      | Found a runed translucent door.
  3709 | D:5      | Noticed topfpfpflanze's ghost (novice FeCj)
  3832 | D:5      | Reached skill level 7 in Unarmed Combat
  3842 | D:5      | Reached XP level 8. HP: 76/76 MP: 7/7
  3896 | D:5      | Found a bloodstained altar of Trog.
  4030 | D:5      | Found a staircase to the Ecumenical Temple.
  4541 | D:6      | Reached skill level 8 in Unarmed Combat
  4557 | D:6      | Reached ***** piety under Trog
  4765 | D:6      | Found an iron altar of Okawaru.
  4805 | D:6      | Reached skill level 9 in Unarmed Combat
  4805 | D:6      | Reached XP level 9. HP: 84/84 MP: 8/8
  5014 | D:6      | Noticed a troll
  5024 | D:6      | Killed a troll
  5190 | D:6      | Reached skill level 10 in Unarmed Combat
  5322 | D:7      | Found Vitwean's Armour Boutique.
  5373 | D:7      | Found an ancient bone altar of Kikubaaqudgha.
  5508 | D:7      | Reached skill level 5 in Dodging
  5533 | D:7      | Found Isofiram's Distillery.
  5639 | D:7      | Identified the maw talisman of the Nightingale {Dex+3}
  6195 | D:8      | Found a glowing silver altar of Zin.
  6339 | D:8      | Found a runed translucent gate.
  6341 | D:8      | Found a runed translucent gate.
  6341 | D:8      | Found an opulent altar of Gozag.
  6342 | D:8      | Found a runed translucent gate.
  6353 | D:8      | Noticed a deep elf pyromancer
  6354 | D:8      | Noticed a centaur warrior
  6354 | D:8      | Noticed jotaen's ghost (novice MiFi)
  6439 | D:8      | Found an ornate altar of the Wu Jian Council.
  6520 | D:8      | Received a gift from Trog
  6785 | D:8      | Found a sacrificial altar of Ru.
  6801 | D:8      | Noticed a two-headed ogre
  6813 | D:8      | Killed a two-headed ogre
  6814 | D:8      | Reached skill level 11 in Unarmed Combat
  6814 | D:8      | Reached XP level 10. HP: 40/94 MP: 9/9
  7395 | D:9      | Identified the +9 scale mail of a ziggurat {Rampage
                  | *Corrode rElec Int+6}
  7421 | D:9      | Noticed Maggie
  7422 | D:9      | Found a staircase to the Lair.
  7435 | D:9      | Reached skill level 5 in Fighting
  7487 | D:9      | Killed Maggie
  7488 | D:9      | Reached skill level 12 in Unarmed Combat
  7734 | D:9      | Noticed a two-headed ogre
  7739 | D:9      | Killed a two-headed ogre
  7952 | D:9      | Noticed a boulder beetle
  7963 | D:9      | Killed a boulder beetle
  7964 | D:9      | Reached XP level 11. HP: 69/104 MP: 10/10
  8367 | D:4      | Bought the amulet "Akakk" {Reflect +Inv rCorr Str-3 SH+5}
                  | for 562 gold pieces
  8451 | D:5      | Killed topfpfpflanze's ghost
  8729 | Lair:1   | Entered Level 1 of the Lair of Beasts
  8805 | D:9      | Reached skill level 13 in Unarmed Combat
  8987 | Lair:1   | Reached skill level 5 in Armour
  9185 | Lair:1   | Found a dark tunnel.
  9194 | Volcano  | Entered a volcano
  9243 | Volcano  | Noticed a stone giant
  9256 | Volcano  | Killed a stone giant
  9441 | Lair:1   | Reached skill level 14 in Unarmed Combat
  9646 | Lair:1   | Found a runed translucent gate.
  9646 | Lair:1   | Found a runed translucent gate.
  9646 | Lair:1   | Found a runed translucent gate.
  9647 | Lair:1   | Noticed anet's ghost (journeyman GrCA)
 10119 | Lair:2   | Reached XP level 12. HP: 111/113 MP: 11/11
 10176 | Lair:2   | Reached skill level 1 in Shields
 10244 | Lair:2   | Reached skill level 15 in Unarmed Combat
 10471 | Lair:2   | Identified the +8 quarterstaff "Jatsarph" {flame, +Blink
                  | rC+ rN+ Will+} (Trog gifted it to you on level 2 of the
                  | Lair of Beasts)
 10471 | Lair:2   | Received a gift from Trog
 10622 | Lair:2   | Found a staircase to the Shoals.
 10734 | Lair:2   | Found a staircase to the Snake Pit.
 10946 | Lair:3   | Reached skill level 16 in Unarmed Combat
 11092 | Lair:3   | Found the +5 robe of Night {Dark Will+ SInv}
 11208 | Lair:3   | Noticed Nessos
 11231 | Lair:3   | HP: 2/115 [Nessos/arrow (13)]
 11239 | Lair:3   | Killed Nessos
 11472 | Lair:3   | Reached XP level 13. HP: 89/123 MP: 12/12
 12365 | Lair:4   | Reached skill level 17 in Unarmed Combat
 12429 | Lair:4   | Paralysed by a hornet for 1 turns
 12845 | Lair:5   | Entered Level 5 of the Lair of Beasts
 12885 | Lair:5   | Received a gift from Trog
 13125 | Lair:5   | HP: 5/123 [poisoned by a cane toad]
 13139 | Lair:4   | HP: 5/123 [cane toad (17)]
 13333 | Lair:1   | Killed anet's ghost
 13334 | Lair:1   | Slain by a death yak simulacrum

Illustrated notes

Levels and vault maps discovered:
D:1:      dpeg_arrival_round_b, layout_basic, serial_shops, shop, shop,
          roderic_serpentine_path, serial_bayou_ford_a
D:2:      layout_loops_ring, grunt_ministairs_7
D:3:      gammafunk_wand_slinger, layout_loops_corners,
          overflow_temple_1_default, corner_web_ring,
          amcnicky_mini_rare_corridor_liquid, minmay_misc_feat_x,
          amcnicky_mini_corridor_feature, minmay_snake_closets, uniq_natasha
D:4:      cheibrodos_barr_body, layout_basic, lemuel_zombie_altar_yredelemnul,
          serial_shops, shop, feat_on_display
D:5:      layout_loops_cross, bloody_trog, temple_green, ebering_ghost_sewer_d,
          kennysheep_small_square
D:6:      layout_loops_ring, mainiacjoe_overflow_tiny_flanked,
          minmay_manual_mess
D:7:      layout_basic, nicolae_kikubaaqudgha_miasma_corner, serial_shops, shop,
          shop, chequers_arboretum
D:8:      layout_layer_cave, mainiacjoe_overflow_chevrons,
          nicolae_wu_jian_glorious_leap, mainiacjoe_overflow_24_doors,
          ebering_ghost_gozag
D:9:      layout_loops_ring, david_lair_generic, serial_rivers,
          chequers_serial_rivers_micro_a, chequers_serial_rivers_room_b,
          chequers_serial_rivers_large_b, chequers_serial_rivers_micro_c,
          minmay_bent, uniq_maggie
Lair:1:   layout_gridlike, nicolae_volcano_entry_hallway,
          gammafunk_ghost_necromancy
Lair:2:   layout_loops_ring, elwin_shoals_entry_rooms,
          minmay_snake_entry_guardpost_small, serial_forest,
          infiniplex_forest_straight_5, infiniplex_forest_clump_long,
          infiniplex_forest_clump_double, infiniplex_forest_clump_tiny,
          infiniplex_forest_straight_4, infiniplex_forest_clump_tiny,
          infiniplex_forest_end_1, infiniplex_forest_straight_1,
          infiniplex_forest_clump_small, infiniplex_staircase_pool
Lair:3:   layout_cellular_growth, uniq_nessos
Lair:4:   layout_roguey, hibernation_bobbens, grunt_megastairs_3
Lair:5:   minmay_lair_end_frog_pond, layout_concentric_octagons,
          minmay_slime_entry_oklob_open

Skill      XL: |  1  2  3  4  5  6  7  8  9 10 11 12 13 |
---------------+----------------------------------------+-----
Unarmed Combat | 4 5 7 9 11 12 14 16 17 | 17.7
Dodging        | 3 4 5 6 7 8 |  8.8
Armour         | 1 2 3 4 5 6 |  6.4
Fighting       | 3 4 5 6 7 |  7.0
Throwing       | 1 2 |  2.2
Stealth        | 1 2 3 |  3.1
Shields        | 2 |  2.4

Action                     |  1- 3 |  4- 6 |  7- 9 | 10-12 | 13-15 || total
---------------------------+-------+-------+-------+-------+-------++-------
  Melee: Unarmed           |   120 |   114 |   322 |   520 |   221 ||  1297
         Punch             |       |     3 |     7 |    43 |    25 ||    78
  Throw: Boomerang         |       |    37 |       |     3 |     2 ||    42
         Stone             |       |     9 |       |       |       ||     9
    Use: Scroll            |     3 |     5 |     7 |     4 |     1 ||    20
         Potion            |       |       |       |    10 |     3 ||    13
   Stab: Sleeping          |       |     1 |     1 |     1 |       ||     3
         Fleeing           |       |       |       |     1 |       ||     1
 Armour: Animal skin       |    70 |    56 |   134 |    30 |       ||   290
         Steam dragon scal |       |       |       |   263 |   122 ||   385
  Dodge: Dodged            |    50 |    53 |   235 |   321 |   127 ||   786
  Block: Other             |       |       |       |    76 |    35 ||   111
         Reflection        |       |       |       |     2 |       ||     2

Table legend: (Time is in decaauts)
 A = Elapsed time spent in this place.
 B = Non-inter-level travel time spent in this place.
 C = Inter-level travel time spent in this place.
 D = Time resting spent in this place.
 E = Time spent auto-exploring this place.
 F = Levels seen in this place.
 G = Mean time per level.
                   A        B        C        D        E       F      G
               +--------+--------+--------+--------+--------+-----+--------+
         Total |  13112 |  10826 |   2286 |    560 |   5049 |  15 |  874.1 |
       Dungeon |   8791 |   7549 |   1242 |    225 |   4735 |   9 |  976.8 |
          Lair |   4125 |   3081 |   1044 |    315 |    314 |   5 |  825.0 |
       Volcano |    195 |    195 |      0 |     20 |      0 |   1 |  195.0 |
               +--------+--------+--------+--------+--------+-----+--------+

Top non-repeatable levels by time:
     D:3: 1280 daAuts
  Lair:3: 1264 daAuts
     D:8: 1255 daAuts
     D:9: 994 daAuts
     D:7: 971 daAuts
     D:1: 948 daAuts
     D:6: 939 daAuts
  Lair:2: 926 daAuts
  Lair:1: 906 daAuts
     D:5: 842 daAuts
     D:4: 794 daAuts
     D:2: 765 daAuts
  Lair:4: 761 daAuts
  Lair:5: 267 daAuts
 Volcano: 195 daAuts
